Workbook
Name d0e7393: Supplements!#REF!
Name d0e7400: Supplements!#REF!
Name d0e7407: Supplements!#REF!
Name d0e7641: Supplements!#REF!
Name d0e7702: Supplements!#REF!
Name d0e7714: Supplements!#REF!
Name d0e7721: Supplements!#REF!
Name ftn.d0e7393: Supplements!#REF!
Name ftn.d0e7400: Supplements!#REF!
Name ftn.d0e7407: Supplements!#REF!
Name ftn.d0e7641: Supplements!#REF!
Name ftn.d0e7702: Supplements!#REF!
Name ftn.d0e7714: Supplements!#REF!
Name ftn.d0e7721: Supplements!#REF!
Name ftn.Part7ETable2: Supplements!#REF!
Name Part7EDCtoIN: Supplements!#REF!
Name Part7ETable2: Supplements!#REF!

Sheet Exercises
A1: Financial Calls—Deriving Financial Call Premiums
A2: Exercises 3 & 4
A4: Exercises―Determining Designated Statistical Reporting (DSR) Levels
A6: Refer to Supplement 1 to find the answers | E6: Enter Your Answers | I6: Then press F9 to check your answers
A7: 3) | B7: Which of the following class and statistical codes belong in DSR, Company Standard (CS), and Net Premium when DSR level is loss costs? | C7: Stat or Class Codes | D7: Description | E7: DSR | F7: Company Standard | G7: Net
B8: Indicate those that belong with an X | C8: 0063 | D8: PREMIUM DISCOUNT—TYPE A—STOCK CO. | H8: =IF(COUNTIF($E$8:$G$15,"X")=0,"",IF(AND(E8=Answers!C2,F8=Answers!D2,G8=Answers!E2),CHAR(252),CHAR(251))) | I8: =IF(H8=CHAR(252),Answers!F2,IF(H8=CHAR(251),Answers!G2,""))
C9: 0900 | D9: EXPENSE CONSTANT (Company Selected) | H9: =IF(COUNTIF($E$8:$G$15,"X")=0,"",IF(AND(E9=Answers!C3,F9=Answers!D3,G9=Answers!E3),CHAR(252),CHAR(251))) | I9: =IF(H9=CHAR(252),Answers!F3,IF(H9=CHAR(251),Answers!G3,""))
C10: 5221 | D10: CONCRETE OR CEMENT WORK—FLOORS, DRIVEWAYS, YARDS OR SIDEWALKS & DRIVERS | H10: =IF(COUNTIF($E$8:$G$15,"X")=0,"",IF(AND(E10=Answers!C4,F10=Answers!D4,G10=Answers!E4),CHAR(252),CHAR(251))) | I10: =IF(H10=CHAR(252),Answers!F4,IF(H10=CHAR(251),Answers!G4,""))
C11: 8010 | D11: STORE: HARDWARE | H11: =IF(COUNTIF($E$8:$G$15,"X")=0,"",IF(AND(E11=Answers!C5,F11=Answers!D5,G11=Answers!E5),CHAR(252),CHAR(251))) | I11: =IF(H11=CHAR(252),Answers!F5,IF(H11=CHAR(251),Answers!G5,""))
C12: 8810 | D12: CLERICAL OFFICE EMPLOYEES NOC | H12: =IF(COUNTIF($E$8:$G$15,"X")=0,"",IF(AND(E12=Answers!C6,F12=Answers!D6,G12=Answers!E6),CHAR(252),CHAR(251))) | I12: =IF(H12=CHAR(252),Answers!F6,IF(H12=CHAR(251),Answers!G6,""))
C13: 9664 | D13: PREMIUM CREDIT FOR THE REPORTING OF DEDUCTIBLES—SUBJECT TO EXP RATINGS | H13: =IF(COUNTIF($E$8:$G$15,"X")=0,"",IF(AND(E13=Answers!C7,F13=Answers!D7,G13=Answers!E7),CHAR(252),CHAR(251))) | I13: =IF(H13=CHAR(252),Answers!F7,IF(H13=CHAR(251),Answers!G7,""))
C14: 9740 | D14: CATASTROPHE PROVISIONS FOR TERRORISM—NOT PART OF STANDARD PREMIUM | H14: =IF(COUNTIF($E$8:$G$15,"X")=0,"",IF(AND(E14=Answers!C8,F14=Answers!D8,G14=Answers!E8),CHAR(252),CHAR(251))) | I14: =IF(H14=CHAR(252),Answers!F8,IF(H14=CHAR(251),Answers!G8,""))
C15: 9848 | D15: ADDITIONAL PREMIUM REQUIRED TO BALANCE TO THE MINIMUM PREMIUM FOR EMPLOYERS LIABILITY INCREASED LIMITS | H15: =IF(COUNTIF($E$8:$G$15,"X")=0,"",IF(AND(E15=Answers!C9,F15=Answers!D9,G15=Answers!E9),CHAR(252),CHAR(251))) | I15: =IF(H15=CHAR(252),Answers!F9,IF(H15=CHAR(251),Answers!G9,""))
A17: 4) | B17: Which of the following class and statistical codes belong in DSR, CS, and Net Premium when DSR Level is rates? | C17: Stat or Class Codes | D17: Description | E17: DSR | F17: Company Standard | G17: Net
B18: Indicate those that belong with an X | C18: 0063 | D18: PREMIUM DISCOUNT—TYPE A—STOCK CO. | H18: =IF(COUNTIF($E$18:$G$25,"X")=0,"",IF(AND(E18=Answers!C11,F18=Answers!D11,G18=Answers!E11),CHAR(252),CHAR(251))) | I18: =IF(H18=CHAR(252),Answers!F11,IF(H18=CHAR(251),Answers!G11,""))
C19: 0900 | D19: EXPENSE CONSTANT (NCCI Published) | H19: =IF(COUNTIF($E$18:$G$25,"X")=0,"",IF(AND(E19=Answers!C12,F19=Answers!D12,G19=Answers!E12),CHAR(252),CHAR(251))) | I19: =IF(H19=CHAR(252),Answers!F12,IF(H19=CHAR(251),Answers!G12,""))
C20: 5221 | D20: CONCRETE OR CEMENT WORK—FLOORS, DRIVEWAYS, YARDS OR SIDEWALKS & DRIVERS | H20: =IF(COUNTIF($E$18:$G$25,"X")=0,"",IF(AND(E20=Answers!C13,F20=Answers!D13,G20=Answers!E13),CHAR(252),CHAR(251))) | I20: =IF(H20=CHAR(252),Answers!F13,IF(H20=CHAR(251),Answers!G13,""))
C21: 8010 | D21: STORE: HARDWARE | H21: =IF(COUNTIF($E$18:$G$25,"X")=0,"",IF(AND(E21=Answers!C14,F21=Answers!D14,G21=Answers!E14),CHAR(252),CHAR(251))) | I21: =IF(H21=CHAR(252),Answers!F14,IF(H21=CHAR(251),Answers!G14,""))
C22: 8810 | D22: CLERICAL OFFICE EMPLOYEES NOC | H22: =IF(COUNTIF($E$18:$G$25,"X")=0,"",IF(AND(E22=Answers!C15,F22=Answers!D15,G22=Answers!E15),CHAR(252),CHAR(251))) | I22: =IF(H22=CHAR(252),Answers!F15,IF(H22=CHAR(251),Answers!G15,""))
C23: 9664 | D23: PREMIUM CREDIT FOR THE REPORTING OF DEDUCTIBLES—SUBJECT TO EXP RATINGS | H23: =IF(COUNTIF($E$18:$G$25,"X")=0,"",IF(AND(E23=Answers!C16,F23=Answers!D16,G23=Answers!E16),CHAR(252),CHAR(251))) | I23: =IF(H23=CHAR(252),Answers!F16,IF(H23=CHAR(251),Answers!G16,""))
C24: 9740 | D24: CATASTROPHE PROVISIONS FOR TERRORISM—NOT PART OF STANDARD PREMIUM | H24: =IF(COUNTIF($E$18:$G$25,"X")=0,"",IF(AND(E24=Answers!C17,F24=Answers!D17,G24=Answers!E17),CHAR(252),CHAR(251))) | I24: =IF(H24=CHAR(252),Answers!F17,IF(H24=CHAR(251),Answers!G17,""))
C25: 9848 | D25: ADDITIONAL PREMIUM REQUIRED TO BALANCE TO THE MINIMUM PREMIUM FOR EMPLOYERS LIABILITY INCREASED LIMITS | H25: =IF(COUNTIF($E$18:$G$25,"X")=0,"",IF(AND(E25=Answers!C18,F25=Answers!D18,G25=Answers!E18),CHAR(252),CHAR(251))) | I25: =IF(H25=CHAR(252),Answers!F18,IF(H25=CHAR(251),Answers!G18,""))

Sheet Supplements
A1: Supplement 1

Sheet Answers
A1: # | C1: Answer | F1: Explanation | G1: Hint
A2: 1) | B2: 0063 | E2: X | F2: Premium discounts are only included in Net | G2: Check the Premium Components Summary Chart for Premium Discounts
B3: 0900 | D3: X | E3: X | F3: Company selected expense constants are included in Net & CS | G3: Check the Premium Components Summary Chart for Company Selected Expense Constants
B4: 5221 | C4: X | D4: X | E4: X | F4: Concrete/Cement employee | G4: Premium for class codes is included unless reporting requirements specifically state otherwise
B5: 8010 | C5: X | D5: X | E5: X | F5: Hardware store employee | G5: Premium for class codes is included unless reporting requirements specifically state otherwise
B6: 8810 | C6: X | D6: X | E6: X | F6: Office/Clerical employee | G6: Premium for class codes is included unless reporting requirements specifically state otherwise
B7: 9664 | E7: X | F7: Deductible coverage premium credits are included in Net only | G7: Check the Premium Components Summary Chart for Deductible Coverage Premium Credits
B8: 9740 | F8: Don't report Catastrophe Provisions for Terrorism-Not Part of Standard Premium | G8: Check the Premium Components Summary Chart for Catastrophe and Terrorism Provisions
B9: 9848 | D9: X | E9: X | F9: Balance to minimum premium is included in Net & CS | G9: Check the Premium Components Summary Chart for Balance to Minimum Premium
A11: 2) | B11: 0063 | E11: X | F11: Premium discounts are only included for Net | G11: Check the Premium Components Summary Chart for Premium Discounts
B12: 0900 | C12: X | D12: X | E12: X | F12: NCCI published expense constants are included in Net, CS, & DSR | G12: Check the Premium Components Summary Chart for NCCI Published Expense Constants
B13: 5221 | C13: X | D13: X | E13: X | F13: Concrete/Cement employee | G13: Premium for class codes is included unless reporting requirements specifically state otherwise
B14: 8010 | C14: X | D14: X | E14: X | F14: Hardware store employee | G14: Premium for class codes is included unless reporting requirements specifically state otherwise
B15: 8810 | C15: X | D15: X | E15: X | F15: Office/Clerical employee | G15: Premium for class codes is included unless reporting requirements specifically state otherwise
B16: 9664 | E16: X | F16: Deductible coverage premium credits are included in Net only | G16: Check the Premium Components Summary Chart for Deductible Coverage Premium Credits
B17: 9740 | F17: Don't report Catastrophe Provisions for Terrorism-Not Part of Standard Premium | G17: Check the Premium Components Summary Chart for Catastrophe and Terrorism Provisions
B18: 9848 | C18: X | D18: X | E18: X | F18: Balance to minimum premium is included in Net, CS, & DSR | G18: Check the Premium Components Summary Chart for Balance to Minimum Premium
